 Dungeon Crawl Stone Soup version 0.29.0-4-gdea44cf6ec (webtiles) character file.

Game seed: 15230987323015002368

7196 Arcadio the Nimble (level 10, -12/56 HPs)
             Began as a Spriggan Hunter on Aug 26, 2022.
             Was an Elder of Okawaru.
             Killed from afar by an acid dragon (24 damage)
             ... with a splash of acid
             ... on level 9 of the Dungeon on Aug 27, 2022.
             The game lasted 01:07:00 (14139 turns).

Arcadio the Nimble (Spriggan Hunter)               Turns: 14139, Time: 01:07:01

Health: -12/56     AC: -1    Str: 15    XL:     10   Next: 87%
Magic:  15/15      EV: 34    Int: 12    God:    Okawaru [****..]
Gold:   1575       SH:  0    Dex: 31    Spells: 9/9 levels left

rFire   . . .      SeeInvis +   b - +3 demon whip (vamp)
rCold   . . .      Faith    .   (no shield)
rNeg    + . .      Spirit   .   r - +1 robe "Luprai Sili" {Str+2}
rPois   .          Reflect  .   (helmet restricted)
rElec   .          Harm     .   (no cloak)
rCorr   .          Rampage  .   (gloves unavailable)
Will    +....                   (boots unavailable)
Stlth   +++.......              (no amulet)
HPRegen 0.18/turn               o - ring of Atobi {rN+ Str+6 Dex+3}
MPRegen 0.14/turn               G - +6 ring of dexterity

@: corroded, very quick
A: very small, no large weapons, unfitting armour, see invisible, speed 3
a: Renounce Religion, Heroism, Finesse


You were on level 9 of the Dungeon.
You worshipped Okawaru.
Okawaru was greatly pleased with you.
You visited 3 branches of the dungeon, and saw 12 of its levels.
You also visited: Bailey.

You collected 1575 gold pieces.

Inventory:

Hand Weapons
 a - a +0 shortbow
 b - a +3 vampiric demon whip (weapon)
 c - a +1 dagger of venom
 n - a +3 war axe
 D - a +0 shortbow
 I - a +1 dagger of draining
 K - a +3 falchion
 Q - a +2 dagger of freezing
Missiles
 S - a throwing net
Armour
 r - the +1 robe "Luprai Sili" (worn) {Str+2}
   (You found it on level 4 of the Dungeon)

   Str:       It affects your strength (+2).
 R - a +2 robe
Jewellery
 o - the ring of Atobi (left hand) {rN+ Str+6 Dex+3}
   (You acquired it on level 3 of the Dungeon)

   [ring of strength]

   Str:       It affects your strength (+6).
   Dex:       It affects your dexterity (+3).
   rN:        It protects you from negative energy.
 C - a ring of willpower
 E - a +6 ring of intelligence
 G - a +6 ring of dexterity (right hand)
Wands
 x - a wand of mindburst (12)
 M - a wand of digging (6)
 N - a wand of paralysis (3)
Scrolls
 f - 5 scrolls of immolation
 i - 2 scrolls of teleportation
 l - a scroll of fear
 m - 2 scrolls of fog
 q - 2 scrolls of blinking
 t - a scroll of amnesia {unknown}
 v - a scroll of identify
 w - a scroll of acquirement
 y - 2 scrolls of enchant weapon {unknown}
 z - a scroll of silence {unknown}
 A - 2 scrolls of poison {unknown}
 F - a scroll of noise {unknown}
 H - 2 scrolls of vulnerability
 J - 2 scrolls of enchant armour {unknown}
 O - a scroll of brand weapon {unknown}
Potions
 d - a potion of attraction {unknown}
 e - 2 potions of degeneration
 g - 3 potions of might
 h - 2 potions of resistance
 j - 2 potions of curing
 k - 3 potions of ambrosia
 p - a potion of berserk rage
 s - 2 potions of invisibility
 u - 4 potions of haste
 B - a potion of brilliance
 L - a potion of lignification {unknown}
 P - 2 potions of cancellation {unknown}


   Skills:
 + Level 7.8 Fighting
 + Level 10.0 Ranged Weapons
 + Level 12.0 Dodging
 - Level 1.5 Stealth
 + Level 5.8 Invocations


You had 9 spell levels left.
You didn't know any spells.
Your spell library contained the following spells:

 Spells                   Type           Power      Damage    Failure   Level
 Apportation              Tloc           0%         N/A       32%         1
 Foxfire                  Conj/Fire      0%         2x1d4     32%         1
 Poisonous Vapours        Pois/Air       0%         N/A       45%         2
 Static Discharge         Conj/Air       0%         3-3/arc   45%         2
 Inner Flame              Hex/Fire       0%         N/A       69%         3
 Portal Projectile        Hex/Tloc       0%         N/A       69%         3
 Cause Fear               Hex            0%         N/A       97%         4
 Corpse Rot               Necr/Pois/Air  0%         N/A       97%         4
 Dispel Undead            Necr           0%         3d6       97%         4
 Leda's Liquefaction      Hex/Erth       0%         N/A       97%         4
 Sticky Flame             Conj/Fire      0%         2d3       97%         4
 Alistair's Intoxication  Tmut/Pois      0%         N/A       100%        5
 Fireball                 Conj/Fire      0%         3d3       100%        5
 Iskenderun's Battlesphe  Conj           0%         2d6       100%        5
 Iron Shot                Conj/Erth      0%         9d1       100%        6
 Discord                  Hex            0%         N/A       100%        8
 Call Canine Familiar     Summ           Unusable   N/A       N/A         3
 Spellforged Servitor     Conj/Summ      Unusable   N/A       N/A         7

Dungeon Overview and Level Annotations

Branches:
Dungeon (10/15) Zot: 25130  Temple (1/1) D:6 Zot: 5970     Orc (1/2) D:9 Zot: 5998
 Bailey (visited)
   Lair: D:8-11

Altars:
Ashenzari
Cheibriados
Dithmenos
Elyvilon
Fedhas
Gozag
Hepliaklqana
Kikubaaqudgha
Makhleb
Nemelex Xobeh
Okawaru
Qazlal
Ru
Sif Muna
Trog
Uskayaw
Vehumet
Wu Jian
Xom
Yredelemnul
Zin
The Shining One

Shops:
D:6 *

Annotations:
D:9 3 runed translucent doors, Arcadio's ghost, novice SpHu


Innate Abilities, Weirdness & Mutations

You are very small and have problems with some larger weapons.
You are too small for most types of armour.
You have supernaturally acute eyesight. (SInv)
You cover ground extremely quickly. (Speed+++)


Message History

The acid dragon is severely wounded.
The acid dragon spits acid at you. The splash of acid hits you!!
The acid corrodes you!
Fire: a) +0 shortbow
Press: ? - help, Q - select action, (/) - cycle Shift-Dir - straight line, f/p - acid dragon
Aim: an acid dragon (severely wounded, catching its breath, 73% to hit)
You shoot an arrow.
The arrow hits the acid dragon but does no damage.
The acid dragon is severely wounded.
You feel a sense of dread.
b - a +3 vampiric demon whip (weapon)
You closely miss the acid dragon.
The acid dragon is severely wounded.
The acid dragon completely misses you. x2
You closely miss the acid dragon.
The acid dragon is severely wounded.
The acid dragon completely misses you. x3; The acid dragon misses you.
You hit the acid dragon.
You feel better.
The acid dragon is severely wounded.
The acid dragon completely misses you. x2
You hit the acid dragon but do no damage.
The acid dragon is severely wounded.
The acid dragon spits acid at you. The splash of acid misses you.
You hit the acid dragon.
You feel better.
The acid dragon is severely wounded.
The acid dragon misses you. The acid dragon completely misses you.
You barely miss the acid dragon.
The acid dragon is severely wounded.
The acid dragon completely misses you. x2
You closely miss the acid dragon.
The acid dragon is severely wounded.
The acid dragon spits acid at you. The splash of acid hits you!!
Ouch! That really hurt!
* * * LOW HITPOINT WARNING * * *
You feel better. The acid dragon spits acid at you.
The splash of acid hits you!!
You die...

#####.##...# ##.........
#.........## ##.........
#.~~≈~~~~.# #####..........
#.~##)##~.## ##.....####.....
##.~#.g.#~..###..#####....###.
#..~#.∩.#≈...>..#.)....#### #D
#..≈#...#≈...####....#.### #>
#..~#####~...###.....#...####[
#..~~~≈~~~.#.@D......##....D..
#..........####.......#.......
#...########.............#####
###.#######<........###..#.oDW
#......................#....
########...........##..#....
#...........##..#....
##..............#....
##...#...###...#....


You could see an acid dragon (catching breath).

Vanquished Creatures
  Harold (D:8)
  Pikel (D:8)
  An orc sorcerer (Bailey)
  A kobold demonologist (Bailey)
  Sigmund (D:4)
  2 wyverns
  A shadow (D:9)
  5 yaks
  2 wargs
  2 swamp worms (D:7)
  Edmund (D:3)
  Duvessa (D:7)
  10 orc warriors
  A sky beast (D:6)
  An ogre (D:5)
  An ice beast (D:7)
  2 centaurs
  2 phantoms
  2 kobold brigands
  2 necrophages
  2 bullfrogs (D:7)
  4 scorpions
  Dowan (D:7)
  4 killer bees (D:8)
  4 electric eels (Bailey)
  2 howler monkeys (D:9)
  2 hounds
  5 jellies
  A gnoll bouda (D:5)
  5 orc priests
  2 iguanas (D:5)
  4 orc wizards
  14 gnolls
  6 adders
  A shadow imp (D:8)
  3 ufetubi
  A worm (D:3)
  A dart slug (D:5)
  50 orcs
  9 bats
  7 endoplasms
  5 giant cockroaches
  11 hobgoblins
  2 jackals (D:4)
  10 kobolds
  2 quokkas
  9 ball pythons
  5 frilled lizards
  20 goblins
  5 rats
237 creatures vanquished.

Vanquished Creatures (others)
  9 plants
9 creatures vanquished.

Grand Total: 246 creatures vanquished

Notes
Turn   | Place    | Note
-------+----------+-------------------------------------------
     0 | D:1      | Arcadio the Spriggan Hunter began the quest for the Orb.
     0 | D:1      | Reached XP level 1. HP: 10/10 MP: 2/2
   122 | D:1      | Reached skill level 3 in Dodging
   134 | D:1      | Found a faded altar of an unknown god.
   151 | D:1      | Reached XP level 2. HP: 15/15 MP: 3/3
   715 | D:2      | Identified a scroll of acquirement
   720 | D:1      | Acquired 980 gold pieces
   778 | D:2      | Reached XP level 3. HP: 18/18 MP: 4/4
   781 | D:2      | Found an opulent altar of Gozag.
  1433 | D:3      | Found a burning altar of Makhleb.
  1449 | D:3      | Reached skill level 4 in Dodging
  1475 | D:3      | Reached XP level 4. HP: 23/23 MP: 5/5
  2347 | D:3      | Found a shimmering altar of Xom.
  2362 | D:3      | Acquired the ring of Atobi {rN+ Str+6 Dex+3}
  2710 | D:4      | Reached XP level 5. HP: 27/27 MP: 6/6
  2999 | D:4      | Reached skill level 5 in Ranged Weapons
  2999 | D:4      | Reached skill level 5 in Dodging
  3064 | D:4      | Noticed Sigmund
  3098 | D:4      | Identified the +1 robe "Luprai Sili" {Str+2}
  3230 | D:4      | Found a bloodstained altar of Trog.
  3364 | D:4      | Noticed Edmund
  3644 | D:3      | Killed Edmund
  3645 | D:3      | Reached XP level 6. HP: 32/32 MP: 7/7
  3781 | D:4      | Killed Sigmund
  3782 | D:4      | Reached skill level 6 in Dodging
  3871 | D:5      | Entered Level 5 of the Dungeon
  3982 | D:5      | Reached XP level 7. HP: 37/37 MP: 8/8
  4500 | D:4      | Reached skill level 7 in Dodging
  5210 | D:6      | Reached XP level 8. HP: 42/42 MP: 9/9
  5535 | D:6      | Found a staircase to the Ecumenical Temple.
  5545 | D:6      | Reached skill level 5 in Fighting
  5597 | D:6      | Reached skill level 8 in Dodging
  5629 | Temple   | Entered the Ecumenical Temple
  5669 | Temple   | Became a worshipper of Warmaster Okawaru
  5883 | D:6      | Found a glowing silver altar of Zin.
  6117 | D:6      | Found a hazy altar of Hepliaklqana.
  6388 | D:6      | Found Nag Nuhu's General Store.
  6634 | D:7      | Found a shadowy altar of Dithmenos.
  6636 | D:7      | Got Buidwa's Handbook of the Volcanoes and Blows and
                  | Bruises
  6711 | D:6      | Reached * piety under Okawaru
  7025 | D:7      | Noticed Duvessa
  7029 | D:7      | Noticed Dowan
  7117 | D:7      | Reached skill level 9 in Dodging
  7330 | D:7      | Killed Duvessa
  7331 | D:7      | Reached XP level 9. HP: 48/48 MP: 10/10
  7414 | D:7      | Killed Dowan
  7544 | D:7      | Reached skill level 1 in Invocations
  8004 | D:7      | Found a radiant altar of Vehumet.
  8325 | D:7      | Found the +10 Black Knight's barding {ponderous, rPois rN+}
  8623 | D:8      | Found an ancient bone altar of Kikubaaqudgha.
  9093 | D:8      | Found a stormy altar of Qazlal.
  9327 | D:8      | Reached ** piety under Okawaru
  9432 | D:9      | Noticed Pikel
  9490 | D:9      | Noticed Harold
  9539 | D:8      | Killed Pikel
  9540 | D:8      | Reached skill level 10 in Dodging
  9689 | D:8      | Killed Harold
  9689 | D:8      | Reached *** piety under Okawaru
  9930 | D:10     | Entered Level 10 of the Dungeon
  9951 | D:8      | Reached XP level 10. HP: 48/53 MP: 13/13
 10008 | D:9      | Found a flagged portal.
 10014 | Bailey   | Entered a bailey
 10851 | Bailey   | Reached skill level 11 in Dodging
 10869 | Bailey   | Noticed an orc sorcerer
 10974 | Bailey   | Reached **** piety under Okawaru
 11764 | Bailey   | Found an iron altar of Okawaru.
 11830 | Bailey   | Killed an orc sorcerer
 12808 | D:8      | Reached skill level 5 in Invocations
 12933 | D:9      | Found a staircase to the Orcish Mines.
 12943 | Orc:1    | Entered Level 1 of the Orcish Mines
 13341 | D:9      | Reached skill level 10 in Ranged Weapons
 13436 | D:9      | Found a runed translucent gate.
 13437 | D:9      | Found a runed translucent gate.
 13437 | D:9      | Found a runed translucent gate.
 13443 | D:9      | Noticed a four-headed hydra
 13444 | D:9      | Noticed Arcadio's ghost (novice SpHu)
 13652 | D:9      | Reached skill level 12 in Dodging
 14139 | D:9      | Killed from afar by an acid dragon

Illustrated notes

Levels and vault maps discovered:
D:1:      eino_arrival_druids_welcome, layout_basic,
          ebering_ecumenical_altar_box
D:2:      cheibrodos_old_hovel, layout_basic, basic_altar
D:3:      layout_basic, bloody_makhleb, mainiacjoe_overflow_tiny_flanked
D:4:      layout_rooms, lemuel_tele_altar, hangedman_decor_clover_reticule,
          serial_bayou_pond_a, uniq_edmund, uniq_sigmund
D:5:      layout_loops_cross, minmay_misc_feat_five, grunt_ministairs_5
D:6:      layout_basic, nicolae_hepliaklqana_hazy_memory, zin_scriptorium,
          minmay_temple_entry_ruins, serial_shops, nicolae_take_the_stairs
D:7:      layout_gridville, fiery_altar_vehumet,
          grunt_dithmenos_smoke_and_mirrors, minmay_tree_intersection,
          worms_lemuel, uniq_duvessa
D:8:      layout_basic, kennysheep_mini, kiku_gazebo_pond_becter
D:9:      layout_rooms, hiddenorc1_lemuel, gammafunk_ghost_split,
          enter_bailey_3, uniq_pikel, uniq_harold
D:10:     layout_irregular_city, erik_lair_orcish_takeover, serial_shops, shop,
          grunt_ministairs_10, minmay_misc_feat_tiny, uniq_psyche,
          uniq_nergalle, uniq_snorg, uniq_erica, uniq_grum
Temple:   nicolae_temple_ecumenical_triangle
Orc:1:    layout_diamond_mine, serial_shops, nicolae_diamond_shop, uniq_jorgrun

Skill      XL: |  1  2  3  4  5  6  7  8  9 10 |
---------------+-------------------------------+-----
Dodging        | 3 4 5 6 7 9 10 12 | 12.0
Fighting       | 2 3 4 5 6 7 |  7.8
Ranged Weapons | 5 6 7 9 10 | 10.0
Invocations    | 3 5 |  5.8
Stealth        | |  1.5

Action                   |  1- 3 |  4- 6 |  7- 9 | 10-12 || total
-------------------------+-------+-------+-------+-------++-------
Melee: Dagger            |       |    29 |    41 |    32 ||   102
       Punch             |       |       |     1 |       ||     1
       Demon whip        |       |       |       |    35 ||    35
 Fire: Shortbow          |   123 |   184 |   394 |   349 ||  1050
Invok: Heroism           |       |       |       |     1 ||     1
  Use: Scroll            |     6 |     4 |     8 |       ||    18
       Potion            |       |       |     2 |     3 ||     5
Armor: Robe              |     6 |     6 |     7 |     2 ||    21
Dodge: Dodged            |    18 |    83 |   174 |   164 ||   439
